 Dungeon Crawl Stone Soup version 0.30.0-29-ga12c61a403 (webtiles) character file.

Game seed: 911082083566401806

31462 qw the Blocker (level 13, -2/80 HPs)
             Began as a Gargoyle Fighter on June 4, 2023.
             Was a High Priest of Okawaru.
             Collided with an ufetubus (5 damage)
             ... caused by a wretched star
             ... on level 2 of the Abyss.
             The game lasted 00:06:15 (10551 turns).

qw the Blocker (Gargoyle Fighter)                  Turns: 10551, Time: 00:06:16

Health: -2/80      AC: 39    Str: 24      XL:     13   Next: 58%
Magic:  20/20      EV:  8    Int:  9 (10) God:    Okawaru [*****.]
Gold:   753        SH: 19    Dex:  9      Spells: 12/12 levels left

rFire   . . .        Y - +7 broad axe (heavy)
rCold   . . .        x - +0 tower shield {rPois}
rNeg    + . .        p - +1 plate armour
rPois   inf          f - +2 helmet
rElec   +            (no cloak)
rCorr   .            u - +2 pair of gloves
SInv    +            o - +0 pair of boots
Will    .....        n - amulet of the acrobat Stlth
                     i - ring of see invisible
HPRegen 0.33/turn    a - +4 ring of protection
MPRegen 0.17/turn

%: acrobat
@: heroic
A: sickness immunity, AC +9, negative energy resistance 1, electricity
resistance, torment resistance 1, petrification resistance, [deterioration 2]
a: Renounce Religion, Heroism, Finesse, Duel


You were on level 2 of the Abyss.
You worshipped Okawaru.
Okawaru was extremely pleased with you.
You visited 3 branches of the dungeon, and saw 13 of its levels.
You visited the Abyss 1 time.
You also visited: Gauntlet.

You collected 753 gold pieces.


Innate Abilities, Weirdness & Mutations

You are immune to sickness and miasma.
Your stone body is resilient. (AC +9)
You are immune to poison.
You resist negative energy. (rN+)
You are resistant to electric shocks. (rElec)
You are resistant to unholy torment.
You are immune to petrification.
[Your body often deteriorates upon taking damage.]


   Skills:
 + Level 9.1(14.1) Fighting
 - Level 12.0(17.0) Axes
 - Level 1.4(6.4) Throwing
 - Level 9.1(14.1) Armour
 - Level 2.0(7.0) Dodging
 - Level 14.6(19.6) Shields
 - Level 10.0 Invocations


You had 12 spell levels left.
You didn't know any spells.
Your spell library was empty.

Inventory:

Hand Weapons
 k - a +0 morningstar
 Y - a +7 heavy broad axe (weapon)
Missiles
 q - a boomerang (quivered)
Armour
 f - a +2 helmet (worn)
 o - a +0 pair of boots (worn)
 p - a +1 plate armour (worn)
 u - a +2 pair of gloves (worn)
 x - a +0 tower shield of poison resistance (worn)
Jewellery
 a - a +4 ring of protection (right hand)
 i - a ring of see invisible (left hand)
 j - a ring of fire
 n - an amulet of the acrobat (around neck)
 s - a ring of protection from fire
Scrolls
 e - 3 scrolls of teleportation
 h - 4 scrolls of identify
Potions
 b - a potion of magic
 c - 2 potions of mutation
 d - 4 potions of might
 g - a potion of cancellation
 l - 2 potions of curing
 m - 2 potions of resistance
 r - 2 potions of attraction
 v - 2 potions of lignification

Dungeon Overview and Level Annotations

Branches:
Dungeon (8/15)             Temple (1/1) D:5            Lair (4/5) D:8
 Shoals (0/4) Lair:3       Spider (0/4) Lair:3      Gauntlet (visited)
  Slime: Lair:4-5

Altars:
Ashenzari
Cheibriados
Dithmenos
Elyvilon
Fedhas
Gozag
Hepliaklqana
Kikubaaqudgha
Makhleb
Nemelex Xobeh
Okawaru
Ru
Sif Muna
Trog
Uskayaw
Vehumet
Wu Jian
Xom
Yredelemnul
Zin
The Shining One

Shops:
D:6 [

Annotations:
D:4 2 runed translucent doors, qw's ghost, amateur GrFi Gauntlet 9 transporters, 1 runed translucent door


Message History

The hell hound is heavily wounded.
You block the hell hound's attack.
The ynoxinul gestures.
A wretched star comes into view.
You carve the hell hound like a ham!!!
You kill the hell hound!
Okawaru accepts your kill.
You slice the large abomination!! You block the ufetubus's attack. x2
The large abomination barely misses you.
You open the large abomination like a pillowcase!!!
You destroy the large abomination!
Okawaru accepts your kill.
You miss the ufetubus.
You hear a shout!
The ufetubus hits you but does no damage. x2
You block the ufetubus's attack. x2
You miss the ufetubus. You cut the ufetubus into ribbons!!!
You kill the ufetubus!
The ufetubus disappears in a puff of smoke!
The substance of the Abyss twists violently, and a gateway leading out appears!
You hear a shout!
The wretched star pulses with an eldritch light!
You feel yourself wasting away.
You feel your body start to fall apart. You block the ufetubus's attack.
The ufetubus hits you but does no damage.
A wretched star comes into view.
You block the ufetubus's attack.
The ufetubus hits you but does no damage.
10551 ||| RIP GAUNTLET;
10551 ||| PLANNING LAIR You block the ufetubus's attack. x3
The ufetubus hits you but does no damage.
The wretched star glows turbulently.
The lance of force hits you!!
Your body deteriorates!
You feel dopey.
You are knocked back by the lance of force.
You collide with the ufetubus!
The ufetubus dies!
The ufetubus disappears in a puff of smoke!
You die...

.. . ##
######
.##.....
##*...7.7 .
##¤.....7..
##.¤.......
##3@7%.#.....
#5¤77........
#.55 ..
...... #... .
)..... .
#....
...####.
#7... ..##
.7... # #7..
. #


You could see a wretched star, a ynoxinul and 3 ufetubi.

Vanquished Creatures
  A cacodemon (Abyss:2)
  A blizzard demon (Abyss:2)
  A catoblepas (Lair:2)
  3 hydras (Lair:3)
  Erica (D:8)
  A thrashing horror (Abyss:2)
  A skyshark (Lair:2)
  2 sixfirhies (Abyss:2)
  A wizard (Gauntlet)
  Pikel (D:5)
  A lindwurm (Lair:3)
  A harpy (Lair:3)
  A worldbinder (Gauntlet)
  5 elephants (Lair:2)
  A torpor snail (D:8)
  An orange demon (Abyss:2)
  Maggie (D:8)
  9 cane toads
  A rime drake (D:8)
  An efreet (Abyss:2)
  9 komodo dragons
  A troll (D:7)
  2 ancient zymes (Abyss:2)
  3 polar bears
  A raiju (Gauntlet)
  4 blink frogs (Lair:2)
  7 dream sheep
  2 wyverns
  24 yaks
  Sigmund (D:5)
  5 large abominations (Abyss:2)
  4 steam dragons
  3 hell hounds (Abyss:2)
  6 water moccasins
  3 orc warriors
  A black bear (Lair:1)
  2 sky beasts (D:7)
  9 ice beasts
  A wolf (D:8)
  A boggart (Gauntlet)
  2 centaurs
  3 ogres
  6 starcursed masses (Abyss:2)
  2 phantoms
  2 scorpions
  An earth elemental (Abyss:2)
  2 gnoll sergeants
  7 bullfrogs
  3 wights (D:8)
  A crimson imp (D:3)
  2 howler monkeys (D:8)
  A quasit (Abyss:2)
  5 small abominations (Abyss:2)
  4 hounds
  2 jellies
  An orc priest (D:8)
  A gnoll bouda (D:6)
  6 iguanas (Lair:3)
  3 sleepcaps
  5 orc wizards
  Robin (D:4)
  15 gnolls
  10 adders
  A shadow imp (D:5)
  2 white imps (Gauntlet)
  An ufetubus (D:6)
  3 worms (D:2)
  4 dart slugs
  27 orcs
  8 bats
  6 endoplasms
  4 giant cockroaches
  11 goblins
  8 hobgoblins
  4 jackals
  12 kobolds
  2 quokkas
  8 ball pythons
  3 frilled lizards
  3 rats (D:1)
316 creatures vanquished.

Notes
Turn   | Place    | Note
-------+----------+-------------------------------------------
     0 | D:1      | qw the Gargoyle Fighter began the quest for the Orb.
     0 | D:1      | Reached XP level 1. HP: 14/14 MP: 1/1
     0 | D:1      | 0 ||| qw: Version: 0.2-a-107-g4668610
     0 | D:1      | 0 ||| qw: Game counter: 1251
     0 | D:1      | 0 ||| qw: Always use a shield: true
     0 | D:1      | 0 ||| qw: God list: Okawaru
     0 | D:1      | 0 ||| qw: Allow faded altars: false
     0 | D:1      | 0 ||| qw: Do Orc after D:15 true
     0 | D:1      | 0 ||| qw: Do second Lair branch before Depths: true
     0 | D:1      | 0 ||| qw: Lair rune preference: random
     0 | D:1      | 0 ||| qw: Plans: Normal, Zot:1-4, Slime:5, God:TSO, Crypt,
                  | Tomb, Abyss, Pan, Hells, Win
     0 | D:1      | 0 ||| PLANNING D:1-11
    30 | D:1      | 30 ||| Stepping ~*~*~tactically~*~*~ (stealth).
    32 | D:1      | 32 ||| Stepping ~*~*~tactically~*~*~ (stealth).
    42 | D:1      | 42 ||| Stepping ~*~*~tactically~*~*~ (hiding).
    54 | D:1      | Reached XP level 2. HP: 19/19 MP: 2/2
   386 | D:1      | Reached skill level 3 in Axes
   438 | D:1      | Reached XP level 3. HP: 23/23 MP: 3/3
   553 | D:1      | Found a faded altar of an unknown god.
   554 | D:1      | 554 ||| UPGRADING to +1 helmet.
   559 | D:1      | 559 ||| UPGRADING to ring of see invisible.
   560 | D:1      | 560 ||| READING scroll labelled KICETO LOYDUK.
   561 | D:1      | 561 ||| READING 2 scrolls labelled HICUNE VEOCVUL.
   562 | D:1      | 562 ||| READING scroll labelled LUBASO JUJE.
   563 | D:1      | 563 ||| READING scroll labelled WOAMUL RAGEWUSO.
   568 | D:1      | 568 ||| READING scroll labelled NUKHLE ARAV.
   646 | D:2      | 646 ||| Stepping ~*~*~tactically~*~*~ (hiding).
   910 | D:2      | Reached XP level 4. HP: 27/28 MP: 4/4
  1330 | D:2      | 1330 ||| DRINKING 2 coppery potions.
  1331 | D:2      | 1331 ||| READING 2 scrolls of identify.
  1331 | D:2      | 1331 ||| IDENTIFYING ruby potion
  1332 | D:2      | 1332 ||| DROPPING potion of ambrosia.
  1351 | D:3      | 1351 ||| STAIRDANCE
  1484 | D:3      | 1484 ||| READING scroll of enchant armour.
  1484 | D:3      | 1484 ||| ENCHANTING +1 helmet.
  1605 | D:3      | Reached XP level 5. HP: 28/32 MP: 5/5
  1851 | D:3      | Found a radiant altar of Vehumet.
  1852 | D:3      | 1852 ||| Stepping ~*~*~tactically~*~*~ (hiding).
  1884 | D:3      | Found a burning altar of Makhleb.
  1885 | D:3      | 1885 ||| UPGRADING to +0 chain mail.
  1895 | D:3      | 1895 ||| DROPPING +0 scale mail.
  1896 | D:3      | 1896 ||| UPGRADING to +1 pair of gloves.
  1901 | D:3      | 1901 ||| UPGRADING to +0 tower shield of poison resistance.
  1911 | D:3      | 1911 ||| DROPPING +0 buckler.
  1912 | D:3      | 1912 ||| UPGRADING to ring of protection from fire.
  1913 | D:3      | 1913 ||| READING scroll labelled NOFESTIKLOVO.
  1914 | D:3      | 1914 ||| READING scroll labelled ATUCEG TEOTOME.
  1915 | D:3      | 1915 ||| READING scroll labelled IBET MUGUIL.
  1916 | D:3      | 1916 ||| READING scroll labelled NOYVI BERHOVI.
  1917 | D:3      | 1917 ||| DRINKING 2 dark potions.
  1918 | D:3      | 1918 ||| READING 2 scrolls of identify.
  1918 | D:3      | 1918 ||| IDENTIFYING lumpy silvery potion
  1919 | D:3      | 1919 ||| DROPPING potion of flight.
  1947 | D:4      | Noticed Robin
  1957 | D:4      | Killed Robin
  1964 | D:4      | Reached skill level 4 in Shields
  1984 | D:4      | Noticed an ogre
  1991 | D:4      | Killed an ogre
  1992 | D:4      | Reached skill level 5 in Shields
  1992 | D:4      | Reached XP level 6. HP: 17/37 MP: 6/6
  2069 | D:4      | 2069 ||| DROPPING +0 club.
  2104 | D:4      | Found an opulent altar of Gozag.
  2173 | D:4      | 2173 ||| Stepping ~*~*~tactically~*~*~ (stealth).
  2228 | D:4      | 2228 ||| DROPPING +0 mace.
  2247 | D:4      | HP: 8/37 [orc/+0 trident (4)]
  2248 | D:4      | 2248 ||| READING 2 scrolls of teleportation.
  2251 | D:4      | 2251 ||| READING scroll of teleportation.
  2253 | D:4      | Found a large runed translucent door.
  2253 | D:4      | Found a large runed translucent door.
  2323 | D:4      | 2323 ||| Stepping ~*~*~tactically~*~*~ (stealth).
  2449 | D:4      | Noticed qw's ghost (amateur GrFi)
  2497 | D:4      | 2497 ||| READING scroll of enchant weapon.
  2497 | D:4      | 2497 ||| ENCHANTING +1 war axe.
  2619 | D:4      | 2619 ||| READING scroll labelled AFOPSIL PAAZI.
  2620 | D:4      | 2620 ||| READING 4 scrolls of identify.
  2620 | D:4      | 2620 ||| IDENTIFYING white potion
  2621 | D:4      | 2621 ||| DRINKING potion of experience.
  2621 | D:4      | Reached skill level 14 in Shields
  2621 | D:4      | Reached XP level 7. HP: 41/41 MP: 7/7
  2622 | D:4      | 2622 ||| READING 3 scrolls of identify.
  2622 | D:4      | 2622 ||| IDENTIFYING green potion
  2623 | D:4      | 2623 ||| READING 2 scrolls of identify.
  2623 | D:4      | 2623 ||| IDENTIFYING emerald potion
  2624 | D:4      | 2624 ||| DROPPING potion of degeneration.
  2636 | D:5      | Entered Level 5 of the Dungeon
  2647 | D:5      | Found a staircase to the Ecumenical Temple.
  2648 | D:5      | 2648 ||| PLANNING TEMPLE
  2656 | Temple   | Entered the Ecumenical Temple
  2656 | Temple   | Found a transporter.
  2656 | Temple   | Found a transporter.
  2658 | Temple   | Found a transporter.
  2658 | Temple   | Found a transporter.
  2668 | Temple   | 2668 ||| PLANNING D:1-11
  2671 | Temple   | 2671 ||| PLANNING OKAWARU WORSHIP
  2675 | Temple   | Became a worshipper of Warmaster Okawaru
  2675 | Temple   | 2675 ||| PLANNING D:1-11
  2783 | D:5      | 2783 ||| Stepping ~*~*~tactically~*~*~ (stealth).
  2887 | D:5      | Noticed a steam dragon
  2888 | D:5      | 2888 ||| Stepping ~*~*~tactically~*~*~ (hiding).
  2906 | D:5      | Reached XP level 8. HP: 35/48 MP: 8/8
  3014 | D:5      | Noticed Sigmund
  3024 | D:5      | Killed Sigmund
  3024 | D:5      | Reached * piety under Okawaru
  3066 | D:5      | 3066 ||| INVOKING Heroism.
  3215 | D:5      | 3215 ||| READING scroll of enchant armour.
  3215 | D:5      | 3215 ||| ENCHANTING +1 pair of gloves.
  3235 | D:5      | Reached skill level 1 in Invocations
  3301 | D:5      | 3301 ||| Stepping ~*~*~tactically~*~*~ (stealth).
  3301 | D:5      | Noticed Pikel
  3302 | D:5      | 3302 ||| Stepping ~*~*~tactically~*~*~ (hiding).
  3303 | D:5      | 3303 ||| INVOKING Heroism.
  3315 | D:5      | Killed Pikel
  3316 | D:5      | Reached skill level 6 in Axes
  3316 | D:5      | Reached XP level 9. HP: 47/52 MP: 7/10
  3320 | D:5      | Reached ** piety under Okawaru
  3419 | D:5      | 3419 ||| INVOKING Heroism.
  3544 | D:5      | Reached skill level 3 in Invocations
  3584 | D:5      | Found a basalt altar of Yredelemnul.
  3584 | D:5      | Found a faded altar of an unknown god.
  3592 | D:5      | Found a faded altar of an unknown god.
  3594 | D:5      | Found a glowing silver altar of Zin.
  3596 | D:5      | Found a shadowy altar of Dithmenos.
  3622 | D:5      | 3622 ||| READING scroll labelled ADGHIO KAWISECAIS.
  3666 | D:6      | Reached skill level 1 in Dodging
  3715 | D:6      | 3715 ||| INVOKING Heroism.
  3727 | D:6      | 3727 ||| Stepping ~*~*~tactically~*~*~ (hiding).
  3732 | D:6      | 3732 ||| FLEEEEING.
  3736 | D:6      | 3736 ||| Stepping ~*~*~tactically~*~*~ (hiding).
  3745 | D:6      | 3745 ||| INVOKING Heroism.
  3966 | D:6      | Found a snail-covered altar of Cheibriados.
  3984 | D:6      | 3984 ||| DROPPING +1 pair of gloves of stealth.
  4038 | D:6      | Found Hifeo's Antique Armour Shoppe.
  4047 | D:6      | 4047 ||| SHOPLISTING shiny ice dragon scales (1260 gold,
                  | have 441).
  4051 | D:6      | 4051 ||| Stepping ~*~*~tactically~*~*~ (stealth).
  4052 | D:6      | 4052 ||| INVOKING Heroism.
  4085 | D:6      | 4085 ||| Stepping ~*~*~tactically~*~*~ (stealth).
  4086 | D:6      | 4086 ||| Stepping ~*~*~tactically~*~*~ (stealth).
  4089 | D:6      | 4089 ||| Stepping ~*~*~tactically~*~*~ (stealth).
  4096 | D:6      | 4096 ||| Stepping ~*~*~tactically~*~*~ (stealth).
  4111 | D:6      | 4111 ||| Stepping ~*~*~tactically~*~*~ (stealth).
  4112 | D:6      | 4112 ||| Stepping ~*~*~tactically~*~*~ (stealth).
  4117 | D:6      | 4117 ||| INVOKING Heroism.
  4445 | D:6      | Found an ornate altar of the Wu Jian Council.
  4486 | D:6      | 4486 ||| UPGRADING to +0 plate armour.
  4496 | D:6      | 4496 ||| DROPPING +0 chain mail.
  4497 | D:6      | 4497 ||| READING scroll of enchant armour.
  4497 | D:6      | 4497 ||| ENCHANTING +0 plate armour.
  4498 | D:6      | 4498 ||| READING scroll labelled JUYGODOEMPU.
  4599 | D:6      | 4599 ||| READING scroll labelled XEOCOR NAUTHIN.
  4600 | D:6      | 4600 ||| READING 5 scrolls of identify.
  4600 | D:6      | 4600 ||| IDENTIFYING cyan potion
  4601 | D:6      | 4601 ||| READING 4 scrolls of identify.
  4601 | D:6      | 4601 ||| IDENTIFYING clear potion
  4602 | D:6      | 4602 ||| READING 3 scrolls of identify.
  4602 | D:6      | 4602 ||| IDENTIFYING fizzy purple potion
  4603 | D:6      | 4603 ||| READING 2 scrolls of identify.
  4603 | D:6      | 4603 ||| IDENTIFYING metallic green potion
  4604 | D:6      | 4604 ||| DROPPING potion of brilliance.
  4624 | D:7      | Noticed a troll
  4625 | D:7      | 4625 ||| INVOKING Heroism.
  4636 | D:7      | Killed a troll
  4674 | D:7      | 4674 ||| FLEEEEING.
  4675 | D:7      | 4675 ||| FLEEEEING.
  4676 | D:7      | 4676 ||| FLEEEEING.
  4677 | D:7      | 4677 ||| FLEEEEING.
  4681 | D:7      | 4681 ||| FLEEEEING.
  4682 | D:7      | 4682 ||| FLEEEEING.
  4683 | D:7      | 4683 ||| FLEEEEING.
  4684 | D:7      | 4684 ||| FLEEEEING.
  4685 | D:7      | 4685 ||| FLEEEEING.
  4686 | D:7      | 4686 ||| Stepping ~*~*~tactically~*~*~ (hiding).
  4687 | D:7      | 4687 ||| FLEEEEING.
  4689 | D:7      | 4689 ||| Stepping ~*~*~tactically~*~*~ (hiding).
  4700 | D:7      | 4700 ||| INVOKING Heroism.
  4713 | D:7      | Reached XP level 10. HP: 18/59 MP: 11/13
  4715 | D:7      | 4715 ||| INVOKING Heroism.
  4899 | D:7      | 4899 ||| INVOKING Heroism.
  5285 | D:7      | 5285 ||| INVOKING Heroism.
  5382 | D:7      | Found a broken altar of Ashenzari.
  5712 | D:7      | 5712 ||| READING scroll labelled SIZXOLOKIM.
  5713 | D:7      | 5713 ||| READING scroll labelled XOUTSI ONLOINO.
  5743 | D:8      | 5743 ||| INVOKING Heroism.
  5744 | D:8      | Noticed Erica
  5754 | D:8      | Reached skill level 6 in Fighting
  5761 | D:8      | Reached *** piety under Okawaru
  5767 | D:8      | 5767 ||| INVOKING Heroism.
  5768 | D:8      | Killed Erica
  5769 | D:8      | 5769 ||| FLEEEEING.
  5770 | D:8      | 5770 ||| FLEEEEING.
  5771 | D:8      | 5771 ||| FLEEEEING.
  5772 | D:8      | 5772 ||| STAIRDANCE
  5918 | D:8      | Noticed Maggie
  5920 | D:8      | 5920 ||| INVOKING Heroism.
  5932 | D:8      | Killed Maggie
  5933 | D:8      | Reached XP level 11. HP: 50/64 MP: 12/14
  5935 | D:8      | Reached skill level 9 in Axes
  5981 | D:8      | 5981 ||| DROPPING +0 flail.
  6102 | D:8      | Found a staircase to the Lair.
  6173 | D:8      | 6173 ||| Stepping ~*~*~tactically~*~*~ (stealth).
  6174 | D:8      | 6174 ||| READING scroll of enchant weapon.
  6174 | D:8      | 6174 ||| ENCHANTING +2 war axe of venom.
  6175 | D:8      | 6175 ||| Stepping ~*~*~tactically~*~*~ (stealth).
  6176 | D:8      | 6176 ||| Stepping ~*~*~tactically~*~*~ (stealth).
  6179 | D:8      | 6179 ||| INVOKING Heroism.
  6180 | D:8      | 6180 ||| Stepping ~*~*~tactically~*~*~ (hiding).
  6274 | D:8      | Found a sacrificial altar of Ru.
  6275 | D:8      | 6275 ||| Stepping ~*~*~tactically~*~*~ (hiding).
  6288 | D:8      | 6288 ||| Stepping ~*~*~tactically~*~*~ (stealth).
  6472 | D:8      | 6472 ||| PLANNING LAIR
  6472 | D:8      | 6472 ||| READING 3 scrolls of identify.
  6472 | D:8      | 6472 ||| IDENTIFYING fuming clear potion
  6473 | D:8      | 6473 ||| DROPPING potion of invisibility.
  6507 | Lair:1   | Entered Level 1 of the Lair of Beasts
  6508 | Lair:1   | 6508 ||| STAIRDANCE
  6612 | Lair:1   | 6612 ||| INVOKING Heroism.
  6618 | Lair:1   | Reached skill level 6 in Armour
  6621 | Lair:1   | Reached **** piety under Okawaru
  6636 | Lair:1   | 6636 ||| STAIRDANCE
  6638 | D:8      | 6638 ||| INVOKING Heroism.
  6684 | Lair:1   | 6684 ||| INVOKING Heroism.
  6744 | Lair:1   | 6744 ||| Stepping ~*~*~tactically~*~*~ (stealth).
  6846 | Lair:1   | 6846 ||| Stepping ~*~*~tactically~*~*~ (stealth).
  6847 | Lair:1   | 6847 ||| INVOKING Heroism.
  7100 | Lair:1   | 7100 ||| Stepping ~*~*~tactically~*~*~ (stealth).
  7176 | Lair:1   | 7176 ||| Stepping ~*~*~tactically~*~*~ (stealth).
  7214 | Lair:1   | Reached skill level 6 in Invocations
  7251 | Lair:1   | 7251 ||| Stepping ~*~*~tactically~*~*~ (stealth).
  7258 | Lair:1   | 7258 ||| INVOKING Heroism.
  7423 | Lair:1   | 7423 ||| READING 2 scrolls of identify.
  7423 | Lair:1   | 7423 ||| IDENTIFYING fuming cyan potion
  7505 | Lair:2   | Reached ***** piety under Okawaru
  7510 | Lair:2   | 7510 ||| INVOKING Heroism.
  7658 | Lair:2   | 7658 ||| INVOKING Heroism.
  7680 | Lair:2   | Reached XP level 12. HP: 70/72 MP: 17/17
  7723 | Lair:2   | Noticed a skyshark
  7733 | Lair:2   | Killed a skyshark
  7733 | Lair:2   | Received a gift from Okawaru
  7762 | Lair:2   | 7762 ||| SWAPPING to +6 heavy broad axe.
  7763 | Lair:2   | 7763 ||| DROPPING +3 war axe of venom.
  7858 | Lair:2   | 7858 ||| INVOKING Heroism.
  7998 | Lair:2   | Noticed a catoblepas
  7999 | Lair:2   | 7999 ||| INVOKING Heroism.
  8000 | Lair:2   | 8000 ||| INVOKING Finesse.
  8006 | Lair:2   | Killed a catoblepas
  8087 | Lair:2   | 8087 ||| INVOKING Heroism.
  8262 | Lair:2   | 8262 ||| Stepping ~*~*~tactically~*~*~ (stealth).
  8263 | Lair:2   | 8263 ||| Stepping ~*~*~tactically~*~*~ (stealth).
  8264 | Lair:2   | 8264 ||| Stepping ~*~*~tactically~*~*~ (stealth).
  8273 | Lair:2   | 8273 ||| Stepping ~*~*~tactically~*~*~ (stealth).
  8274 | Lair:2   | 8274 ||| Stepping ~*~*~tactically~*~*~ (stealth).
  8282 | Lair:2   | Reached skill level 9 in Invocations
  8367 | Lair:2   | 8367 ||| READING 2 scrolls of identify.
  8367 | Lair:2   | 8367 ||| IDENTIFYING sedimented white potion
  8401 | Lair:3   | 8401 ||| STAIRDANCE
  8461 | Lair:3   | Noticed an eight-headed hydra
  8462 | Lair:3   | 8462 ||| INVOKING Heroism.
  8463 | Lair:3   | 8463 ||| INVOKING Finesse.
  8464 | Lair:3   | 8464 ||| SWAPPING to +0 morningstar.
  8470 | Lair:3   | Killed an eight-headed hydra
  8471 | Lair:3   | 8471 ||| SWAPPING to +6 heavy broad axe.
  8535 | Lair:3   | Noticed a five-headed hydra
  8536 | Lair:3   | 8536 ||| INVOKING Heroism.
  8536 | Lair:3   | Noticed an eight-headed hydra
  8537 | Lair:3   | 8537 ||| INVOKING Finesse.
  8543 | Lair:3   | 8543 ||| SWAPPING to +0 morningstar.
  8553 | Lair:3   | HP: 14/73 [five-headed hydra (12)]
  8554 | Lair:3   | 8554 ||| READING 3 scrolls of teleportation.
  8554 | Lair:3   | HP: 3/73 [eight-headed hydra (9)]
  8555 | Lair:3   | 8555 ||| DRINKING potion of heal wounds.
  8558 | Lair:3   | 8558 ||| SWAPPING to +6 heavy broad axe.
  8612 | Lair:3   | 8612 ||| INVOKING Heroism.
  8808 | Lair:3   | 8808 ||| INVOKING Heroism.
  8809 | Lair:3   | 8809 ||| Stepping ~*~*~tactically~*~*~ (stealth).
  8814 | Lair:3   | 8814 ||| SWAPPING to +0 morningstar.
  8823 | Lair:3   | Killed an eight-headed hydra
  8824 | Lair:3   | 8824 ||| SWAPPING to +6 heavy broad axe.
  8980 | Lair:3   | 8980 ||| INVOKING Heroism.
  8986 | Lair:3   | 8986 ||| SWAPPING to +0 morningstar.
  8996 | Lair:3   | Killed a five-headed hydra
  8997 | Lair:3   | 8997 ||| SWAPPING to +6 heavy broad axe.
  9063 | Lair:3   | 9063 ||| Stepping ~*~*~tactically~*~*~ (stealth).
  9206 | Lair:3   | Found a staircase to the Shoals.
  9211 | Lair:3   | 9211 ||| INVOKING Heroism.
  9213 | Lair:3   | Reached skill level 1 in Throwing
  9221 | Lair:3   | Reached skill level 9 in Fighting
  9224 | Lair:3   | Reached XP level 13. HP: 65/80 MP: 20/20
  9341 | Lair:3   | 9341 ||| INVOKING Heroism.
  9342 | Lair:3   | 9342 ||| Stepping ~*~*~tactically~*~*~ (hiding).
  9345 | Lair:3   | Found a hole to the Spider Nest.
  9463 | Lair:3   | 9463 ||| INVOKING Heroism.
  9625 | Lair:3   | 9625 ||| UPGRADING to +0 pair of boots.
  9630 | Lair:3   | 9630 ||| UPGRADING to +4 ring of protection.
  9655 | Lair:4   | 9655 ||| PLANNING GAUNTLET
  9770 | Lair:4   | 9770 ||| Stepping ~*~*~tactically~*~*~ (stealth).
  9772 | Lair:4   | 9772 ||| INVOKING Heroism.
  9813 | Lair:4   | Found a gate leading to a gauntlet.
  9817 | Lair:4   | 9817 ||| READING scroll labelled NUBRIE KISAL.
  9824 | Gauntlet | Entered a Gauntlet
  9824 | Gauntlet | Found a transporter.
  9831 | Gauntlet | Found a transporter.
  9834 | Gauntlet | Found a transporter.
  9843 | Gauntlet | Found a runed translucent door.
  9848 | Gauntlet | Found a transporter.
  9853 | Gauntlet | Found a transporter.
  9862 | Gauntlet | Found a transporter.
  9873 | Gauntlet | Found a transporter.
  9884 | Gauntlet | Noticed a quicksilver ooze
  9886 | Gauntlet | Found a transporter.
  9897 | Gauntlet | Found a transporter.
  9909 | Gauntlet | Found a transporter.
  9909 | Gauntlet | Found a transporter.
  9911 | Gauntlet | Found a transporter.
  9941 | Gauntlet | Found a transporter.
  9994 | Gauntlet | Found a transporter.
 10076 | Gauntlet | 10076 ||| INVOKING Heroism.
 10091 | Gauntlet | 10091 ||| Stepping ~*~*~tactically~*~*~ (cloud).
 10098 | Gauntlet | 10098 ||| UPGRADING to amulet of the acrobat.
 10116 | Gauntlet | 10116 ||| INVOKING Heroism.
 10117 | Gauntlet | Noticed a cyan very ugly thing
 10136 | Gauntlet | 10136 ||| READING scroll of enchant weapon.
 10136 | Gauntlet | 10136 ||| ENCHANTING +6 heavy broad axe.
 10149 | Abyss:2  | Cast into level 2 of the Abyss (a wizard)
 10161 | Abyss:2  | Noticed a starcursed mass
 10175 | Abyss:2  | 10175 ||| INVOKING Heroism.
 10179 | Abyss:2  | Noticed a cacodemon
 10195 | Abyss:2  | Killed a cacodemon
 10200 | Abyss:2  | Reached skill level 12 in Axes
 10308 | Abyss:2  | Noticed a blizzard demon
 10313 | Abyss:2  | 10313 ||| INVOKING Heroism.
 10316 | Abyss:2  | Killed a blizzard demon
 10391 | Abyss:2  | 10391 ||| Stepping ~*~*~tactically~*~*~ (stealth).
 10444 | Abyss:2  | Reached skill level 9 in Armour
 10444 | Abyss:2  | 10444 ||| INVOKING Heroism.
 10454 | Abyss:2  | 10454 ||| Stepping ~*~*~tactically~*~*~ (stealth).
 10455 | Abyss:2  | 10455 ||| Stepping ~*~*~tactically~*~*~ (stealth).
 10456 | Abyss:2  | 10456 ||| Stepping ~*~*~tactically~*~*~ (stealth).
 10460 | Abyss:2  | 10460 ||| Stepping ~*~*~tactically~*~*~ (stealth).
 10461 | Abyss:2  | 10461 ||| Stepping ~*~*~tactically~*~*~ (stealth).
 10463 | Abyss:2  | 10463 ||| Stepping ~*~*~tactically~*~*~ (stealth).
 10488 | Abyss:2  | 10488 ||| Stepping ~*~*~tactically~*~*~ (stealth).
 10495 | Abyss:2  | 10495 ||| INVOKING Heroism.
 10496 | Abyss:2  | Received a gift from Okawaru
 10527 | Abyss:2  | 10527 ||| INVOKING Heroism.
 10551 | Abyss:2  | 10551 ||| RIP GAUNTLET
 10551 | Abyss:2  | 10551 ||| PLANNING LAIR
 10551 | Abyss:2  | HP: 3/80 [wretched star/lance of force (26)]
 10551 | Abyss:2  | Collided with an ufetubus

Levels and vault maps discovered:
D:1:      dpeg_arrival_tiny_b, layout_rooms,
          hellmonk_ecumenical_altar_leap_of_faith
D:2:      layout_loops_ring
D:3:      layout_rooms, grunt_temple_overflow_lords_of_destruction,
          serial_rivers, chequers_serial_rivers_small_a,
          chequers_serial_rivers_micro_e, chequers_serial_rivers_micro_e,
          chequers_serial_rivers_small_a, kennysheep_decorative_pillar,
          moated_statue, corner_web_ring, kennysheep_generic_room_14
D:4:      layout_cave_pools, lemuel_crystal_altar, ebering_ghost_disaster_area,
          uniq_robin
D:5:      layout_gridville, chequers_temple_overflow_minitemple,
          minmay_temple_entry_tees, uniq_pikel, uniq_sigmund
D:6:      layout_cave_pools, cheibriados_altar_1, mainiacjoe_overflow_brackets,
          serial_shops, shop
D:7:      layout_basic, mainiacjoe_overflow_tiny_flanked,
          chequers_serial_rivers_room_b
D:8:      layout_rooms, nicolae_ru_great_annihilating_truth,
          hellmonk_lair_entry_icy, hangedman_decor_opposing, uniq_maggie,
          uniq_erica
Temple:   hellmonk_temple_divided_pantheon
Lair:1:   hellmonk_destroyed_diamonds, layout_gridlike, lemuel_fruit_tree
Lair:2:   layout_chaotic_city, st_stairs_5
Lair:3:   beast_lair_carwin_large_3, layout_chaotic_city,
          nicolae_shoals_entry_roost, spider_nest_entry_web_field
Lair:4:   layout_cave_pods, gauntlet_entry_generic, st_stairs_12, uniq_josephine
Abyss:2:  base: D:3, small_statue_intersection, minivault_25_ag
Gauntlet: minmay_gauntlet_77_tree [minmay_gauntlet_arena_77_broken_ladder,
          minmay_gauntlet_arena_77_terracotta_army,
          minmay_gauntlet_arena_77_path, minmay_gauntlet_arena_77_two_paths,
          minmay_gauntlet_arena_77_mess, minmay_gauntlet_arena_77_braids,
          minmay_gauntlet_arena_77_p_blocks, gauntlet_exit_hidden_loot]

Skill      XL: |  1  2  3  4  5  6  7  8  9 10 11 12 13 |
---------------+----------------------------------------+-----
Axes           | 2 3 4 5 6 7 8 10 11 12 | 12.0
Shields        | 5 14 | 14.6
Fighting       | 4 5 6 7 9 |  9.1
Invocations    | 2 4 7 10 | 10.0
Dodging        | 1 2 |  2.0
Armour         | 4 5 6 7 9 |  9.1
Throwing       | 1 |  1.4

Action                     |  1- 3 |  4- 6 |  7- 9 | 10-12 | 13-15 || total
---------------------------+-------+-------+-------+-------+-------++-------
  Melee: War axe           |   109 |   136 |   264 |   312 |       ||   821
         Broad axe         |       |       |       |    77 |   124 ||   201
         Morningstar       |       |       |       |    37 |       ||    37
  Throw: Boomerang         |     2 |    57 |    27 |     4 |    26 ||   116
 Invoke: Heroism           |       |       |     9 |    23 |    10 ||    42
         Finesse           |       |       |       |     3 |       ||     3
    Use: Scroll            |     5 |    12 |    11 |     7 |     2 ||    37
         Potion            |       |     3 |       |     1 |       ||     4
   Stab: Invisible         |       |       |       |     1 |       ||     1
 Armour: Scale mail        |    73 |    47 |       |       |       ||   120
         Chain mail        |       |    36 |   128 |       |       ||   164
         Plate armour      |       |       |    25 |   266 |    76 ||   367
  Dodge: Dodged            |    48 |    54 |    70 |   113 |    29 ||   314
  Block: Buckler           |    16 |    15 |       |       |       ||    31
         Tower shield      |       |    37 |   354 |   473 |   113 ||   977

Table legend:
 A = Non-vault XP
 B = Vault XP
 C = Vault XP percentage of total XP
 D = Non-vault monster count
 E = Vault monster count
 F = Vault count percentage of total count
                 A         B        C        D         E       F
            +---------+---------+-------+---------+---------+-------
      Total |   35491 |    8995 |  20.2 |     267 |      49 |  15.5
            +---------+---------+-------+---------+---------+-------
        D:1 |      35 |       0 |   0.0 |      20 |       0 |   0.0
        D:2 |      83 |       0 |   0.0 |      17 |       0 |   0.0
        D:3 |      63 |      50 |  44.2 |      22 |       1 |   4.3
        D:4 |     224 |      36 |  13.8 |      18 |      11 |  37.9
        D:5 |     924 |     855 |  48.1 |      26 |       2 |   7.1
        D:6 |    1193 |       0 |   0.0 |      31 |       0 |   0.0
        D:7 |    2812 |       0 |   0.0 |      21 |       0 |   0.0
        D:8 |    1164 |    2704 |  69.9 |      15 |      14 |  48.3
     Lair:1 |    4561 |       0 |   0.0 |      20 |       0 |   0.0
     Lair:2 |    8415 |     700 |   7.7 |      25 |       2 |   7.4
     Lair:3 |    6244 |    2699 |  30.2 |      18 |      11 |  37.9
     Lair:4 |     931 |       0 |   0.0 |       4 |       0 |   0.0
    Abyss:2 |    8842 |       0 |   0.0 |      30 |       0 |   0.0
   Gauntlet |       0 |    1951 | 100.0 |       0 |       8 | 100.0
            +---------+---------+-------+---------+---------+-------
